Map: Lerilak Crest

Players

MinChul (MC)

  • Race: Protoss Protoss

LiquidSnute (Snute) - Winner!

  • Race: Zerg Zerg
  • League: Grandmaster

Event: Homestory Cup XII

VOD

Have the link to the VOD?

Description

Time

  • Played on: Dec. 20, 2015, 1:10 p.m.
  • Length: 10:41

All games in this series

Show
View Real Time Build Order
Export as new Build Order

MinChul Protoss 

Build Orders: 1 Gate Expand 

Get SALT Encoding   

  12  0:00  Probe (Chrono Boost)  
  13  0:11  Probe (Chrono Boost)  
  14  0:18  Pylon  
  14  0:22  Probe (Chrono Boost)  
  15  0:37  Probe (Chrono Boost), Gateway  
  16  0:46  Assimilator  
  16  0:47  Probe (Chrono Boost)  
  17  0:58  Probe (Chrono Boost)  
  17  1:02  Gateway  
  18  1:08  Probe (Chrono Boost)  
  19  1:25  Cybernetics Core  
  19  1:44  Nexus  
  23  2:01  Warp Gate  
  23  2:02  Adept (Chrono Boost)  
  23  2:03  Adept (Chrono Boost)  
  23  2:09  Pylon  
  23  2:17  Assimilator  
  23  2:27  Probe (Chrono Boost)  
  24  2:32  Adept x2  
  28  2:37  Probe (Chrono Boost)  
  29  2:48  Probe (Chrono Boost)  
  30  2:59  Probe (Chrono Boost)  
  30  3:02  Pylon  
  31  3:09  Probe (Chrono Boost)  
  32  3:16  Twilight Council, Probe (Chrono Boost)  
  34  3:20  Probe (Chrono Boost)  
  36  3:27  Mothership Core (Chrono Boost)  
  36  3:38  Probe (Chrono Boost)  
  37  3:45  Probe (Chrono Boost)  
  38  3:48  Probe (Chrono Boost)  
  39  3:55  Robotics Facility  
  39  3:56  Probe (Chrono Boost)  
  39  3:59  Resonating Glaives (Chrono Boost), Probe (Chrono Boost)  
  41  4:05  Probe (Chrono Boost)  
  42  4:11  Gateway x2  
  42  4:15  Probe x2  
  43  4:19  Sentry  
  43  4:20  Sentry  
  48  4:25  Pylon  
  48  4:26  Probe  
  48  4:28  Probe  
  50  4:36  Pylon  
  50  4:38  Probe  
  50  4:40  Probe  
  50  4:43  Warp Prism (Chrono Boost)  
  54  4:50  Probe  
  54  4:51  Assimilator  
  54  4:52  Probe  
  56  4:54  Assimilator  
  56  5:02  Probe  
  56  5:04  Probe  
  58  5:08  Adept x3  
  58  5:10  Adept  
  58  5:14  Pylon  
  66  5:16  Observer (Chrono Boost)  
  66  5:17  Probe  
  68  5:22  Pylon  
  68  5:25  Probe  
  69  5:28  Pylon  
  69  5:29  Probe  
  69  5:35  Observer (Chrono Boost)  
  71  5:39  Probe  
  71  5:41  Probe  
  73  5:47  Nexus  
  73  5:54  Probe x2  
  75  6:00  Robotics Facility  
  75  6:06  Probe x2  
  75  6:08  Sentry  
  75  6:09  Sentry x3  
  85  6:18  Probe x2  
  86  6:25  Stargate  
  87  6:27  Stargate  
  87  6:30  Probe x2  
  81  6:33  Pylon  
  81  6:35  Pylon  
  81  6:38  Pylon  
  81  6:39  Forge  
  81  6:45  Immortal (Chrono Boost)  
  89  6:56  Immortal (Chrono Boost)  
  89  7:04  Probe  
  89  7:05  Probe x2  
  92  7:10  Phoenix (Chrono Boost)  
  92  7:11  Phoenix (Chrono Boost)  
  92  7:14  Photon Cannon  
  96  7:17  Photon Cannon  
  96  7:26  Photon Cannon  
  96  7:33  Phoenix x2 (Chrono Boost)  
  95  7:39  Probe x2  
  95  7:42  Probe  
  98  7:50  Protoss Ground Weapons Level 1  
  98  7:52  Probe x2 (Chrono Boost), Phoenix x2 (Chrono Boost)  
  98  7:54  Probe (Chrono Boost)  
  105  8:05  Probe x2 (Chrono Boost), Assimilator  
  107  8:06  Probe (Chrono Boost), Assimilator  
  108  8:12  Adept  
  108  8:13  Adept x3  
  116  8:20  Phoenix x2  
  119  8:27  Probe x3 (Chrono Boost)  
  119  8:30  Pylon  
  119  8:31  Pylon  
  119  8:39  Adept x2  
  119  8:40  Adept x2  
  127  8:43  Probe (Chrono Boost)  
  127  8:44  Probe x2 (Chrono Boost), Charge (Chrono Boost)  
  130  8:54  Phoenix x2  
  138  9:10  Immortal (Chrono Boost)  
  138  9:13  Immortal (Chrono Boost)  
  142  9:24  Zealot x3  
  142  9:28  Templar Archives, Pylon  
  142  9:30  Pylon  
  142  9:31  Gateway  
  148  9:43  Gateway  
  148  9:44  Gateway  
  148  9:45  Gateway  
  148  9:46  Gateway  
  148  9:53  Phoenix (Chrono Boost)  
  148  9:57  Phoenix (Chrono Boost)  
  152  10:02  Photon Cannon  
  138  10:15  Phoenix (Chrono Boost)  
  138  10:17  High Templar x2  
  138  10:18  Phoenix (Chrono Boost)  
  146  10:22  Archon  
Show
View Real Time Build Order
Export as new Build Order

LiquidSnute Zerg - Winner!

Build Orders: 3 Hatch before Pool 

Get SALT Encoding   

  12  0:00  Drone  
  13  0:12  Overlord  
  13  0:17  Drone  
  14  0:30  Drone x2  
  14  0:34  Drone  
  17  0:52  Hatchery  
  17  0:54  Drone  
  17  0:58  Drone  
  18  1:19  Hatchery  
  17  1:31  Spawning Pool  
  16  1:34  Drone  
  16  1:36  Drone  
  16  1:39  Drone  
  19  1:45  Drone  
  20  1:56  Drone  
  21  2:04  Drone  
  21  2:06  Overlord  
  22  2:14  Drone  
  23  2:18  Queen x2  
  23  2:19  Drone  
  28  2:26  Zergling x2  
  28  2:28  Zergling x2  
  30  2:31  Queen  
  30  2:32  Zergling x2  
  30  2:36  Zergling x2  
  34  2:38  Zergling x2  
  34  2:42  Zergling x2  
  35  2:59  Queen x2  
  35  3:00  Overlord  
  35  3:05  Drone x2  
  40  3:08  Overlord  
  40  3:16  Drone  
  40  3:19  Drone x3, Extractor x2  
  42  3:21  Drone  
  42  3:23  Drone  
  42  3:25  Drone  
  45  3:33  Queen  
  45  3:34  Zergling x2  
  48  3:43  Queen  
  48  3:45  Drone x3  
  51  3:55  Queen  
  51  3:58  Drone x4  
  51  4:01  Drone x2  
  55  4:08  Drone  
  55  4:09  Queen  
  58  4:13  Overlord  
  58  4:20  Roach Warren  
  58  4:22  Lair  
  57  4:25  Drone, Extractor  
  57  4:26  Extractor  
  57  4:27  Drone  
  57  4:28  Drone  
  58  4:31  Overlord  
  58  4:33  Drone  
  58  4:35  Drone  
  58  4:36  Drone  
  61  4:38  Drone  
  61  4:42  Overlord  
  62  4:49  Metabolic Boost  
  62  4:52  Drone x4  
  66  5:02  Roach x2  
  66  5:03  Roach  
  74  5:07  Roach x3  
  74  5:08  Roach  
  74  5:10  Roach  
  74  5:12  Overlord  
  82  5:19  Overlord  
  82  5:24  Spire  
  81  5:32  Roach  
  81  5:33  Roach x3  
  89  5:40  Roach x3  
  95  5:44  Drone  
  95  5:45  Drone x2  
  95  5:46  Overlord  
  95  5:47  Extractor  
  95  5:48  Extractor  
  95  5:49  Overlord  
  96  5:53  Overlord  
  96  5:54  Glial Reconstitution  
  96  6:04  Drone x3  
  99  6:18  Overlord  
  94  6:36  Mutalisk x6  
  106  6:40  Mutalisk  
  106  6:42  Drone x10  
  118  6:51  Mutalisk  
  120  7:02  Spore Crawler  
  120  7:13  Zerg Flyer Weapons Level 1  
  120  7:14  Hatchery  
  119  7:17  Mutalisk  
  119  7:18  Mutalisk x3  
  119  7:20  Overlord x2  
  127  7:22  Overlord  
  127  7:36  Mutalisk  
  129  7:40  Mutalisk x2  
  129  7:42  Zergling x24  
  145  7:53  Infestation Pit  
  145  7:56  Overlord  
  145  7:57  Zergling x2  
  145  7:58  Zergling x2  
  146  8:01  Extractor  
  146  8:02  Extractor  
  144  8:08  Queen x3  
  150  8:16  Drone x7  
  150  8:17  Drone  
  154  8:27  Drone x5  
  144  8:32  Infestor x2  
  152  8:34  Infestor  
  152  8:36  Mutalisk  
  156  8:42  Mutalisk  
  156  8:43  Mutalisk  
  156  8:45  Overlord  
  156  8:48  Overlord  
  160  8:52  Overlord  
  160  8:53  Overlord  
  158  9:11  Mutalisk x6  
  168  9:22  Mutalisk  
  168  9:23  Mutalisk x3  
  174  9:28  Spore Crawler  
  173  9:34  Mutalisk x2  
  177  9:46  Mutalisk x3  
  177  9:49  Overlord x2  
  177  9:51  Spore Crawler  
  177  9:52  Drone  
  183  9:54  Spore Crawler  
  181  10:13  Mutalisk x6  
Tags
 
Add a new tag
Caveats
  • Supply blocks, unpowered buildings, or Contaminate may cause inaccurate times.
  • Supply counts are checked every 10 seconds.